| TOP OF THE 1ST |
|
Indianapolis Indians batting - Pitching for Reno Aces : LHP David Legg
|
|
Pitching: LHP David Legg
|
|
|
Batting: SHB Francisco Gutierrez
|
0-0: Ball 1-0: Called Strike 1-1: Ground out 6-3 (Groundball, 6, EV 80.6 MPH)
|
|
Batting: RHB Caleb Russell
|
0-0: Swinging Strike 0-1: SINGLE (Groundball, 6MD, EV 103.8 MPH)
|
|
Batting: LHB Micah Boshnjaku
|
0-0: Ball Caleb Russell is caught stealing 2nd base 2-6 1-0: Foul Ball, location: 2F 1-1: Ball 2-1: Called Strike 2-2: Strikes out swinging
|
| Top of the 1st over - 0 runs, 1 hit, 0 errors, 0 left on base; Indianapolis 0 - Reno 0 |
| BOTTOM OF THE 1ST |
|
Reno Aces batting - Pitching for Indianapolis Indians : RHP Joreão Zquete
|
|
Pitching: RHP Joreão Zquete
|
|
|
Batting: RHB Jon Solano
|
0-0: Foul Ball, location: 2F 0-1: Ball 1-1: Ball 2-1: Ground out 6-3 (Groundball, 6, EV 80.0 MPH)
|
|
Batting: RHB Ji-an Li
|
0-0: Called Strike 0-1: Ball 1-1: Ball 2-1: Ground out 6-3 (Groundball, 6, EV 103.8 MPH)
|
|
Batting: RHB Dave Vargas
|
0-0: Ball 1-0: Foul Ball, location: 2F 1-1: Fly out, F7 (Line Drive, 7LM, EV 98.8 MPH)
|
| Bottom of the 1st over - 0 runs, 0 hits, 0 errors, 0 left on base; Indianapolis 0 - Reno 0 |
| TOP OF THE 2ND |
|
Indianapolis Indians batting - Pitching for Reno Aces : LHP David Legg
|
|
Batting: SHB Louie Horne
|
0-0: Called Strike 0-1: SINGLE (Groundball, 6MD, EV 100.0 MPH)
|
|
Batting: LHB Jorge Quintana
|
0-0: Called Strike 0-1: Ball 1-1: Called Strike 1-2: Ball 2-2: Fly out, F1 (Popup, 15, EV 88.1 MPH)
|
|
Batting: SHB Trevor Weareorwear
|
0-0: 2-RUN HOME RUN (Flyball, 7D, EV 99.4 MPH), Distance : 398 ft
|
|
Batting: SHB Ben Myers
|
0-0: Fly out, F9 (Flyball, 89M, EV 85.6 MPH)
|
|
Batting: RHB Chris McCoy
|
0-0: Called Strike 0-1: Foul Ball, location: 2F 0-2: SINGLE (Flyball, 4D, EV 93.1 MPH)
|
|
Batting: RHB Slamet Pamungkas
|
0-0: Ball Chris McCoy steals 2nd base (no throw) 1-0: Ground out 5-3 (Groundball, 56S, EV 63.1 MPH)
|
| Top of the 2nd over - 2 runs, 3 hits, 0 errors, 1 left on base; Indianapolis 2 - Reno 0 |
| BOTTOM OF THE 2ND |
|
Reno Aces batting - Pitching for Indianapolis Indians : RHP Joreão Zquete
|
|
Batting: LHB Bobby Arevalo
|
0-0: Called Strike 0-1: Called Strike 0-2: Ball 1-2: Ball 2-2: Ground out 4-3 (Groundball, 4MS, EV 83.8 MPH)
|
|
Batting: LHB Ian Jarvis
|
0-0: Ball 1-0: Ball 2-0: Called Strike 2-1: Fly out, F9 (Flyball, 9S, EV 78.8 MPH)
|
|
Batting: RHB Ruben Garza
|
0-0: Hit by Pitch
|
|
Batting: LHB Steve Reinhart
|
0-0: Ball 1-0: Fly out, F7 (Flyball, 78S, EV 81.2 MPH)
|
| Bottom of the 2nd over - 0 runs, 0 hits, 0 errors, 1 left on base; Indianapolis 2 - Reno 0 |
| TOP OF THE 3RD |
|
Indianapolis Indians batting - Pitching for Reno Aces : LHP David Legg
|
|
Batting: SHB Francisco Gutierrez
|
0-0: Swinging Strike 0-1: Fly out, F7 (Flyball, 7D, EV 90.6 MPH)
|
|
Batting: RHB Caleb Russell
|
0-0: Foul Ball, location: 2F 0-1: Foul Ball, location: 2F 0-2: Ground out 1-3 (Groundball, 23, EV 70.0 MPH)
|
|
Batting: LHB Micah Boshnjaku
|
0-0: Ball 1-0: Ball 2-0: Called Strike 2-1: Called Strike 2-2: SINGLE (Groundball, 34D, EV 98.1 MPH)
|
|
Batting: SHB Louie Horne
|
0-0: Called Strike Micah Boshnjaku steals 2nd, throwing error, E2 Micah Boshnjaku to third 0-1: Ball 1-1: Foul Ball, location: 2F 1-2: Ball 2-2: Fly out, F8 (Flyball, 8LD, EV 90.0 MPH)
|
| Top of the 3rd over - 0 runs, 1 hit, 1 error, 1 left on base; Indianapolis 2 - Reno 0 |
| BOTTOM OF THE 3RD |
|
Reno Aces batting - Pitching for Indianapolis Indians : RHP Joreão Zquete
|
|
Batting: LHB Sumiki Okuhara
|
0-0: Called Strike 0-1: Swinging Strike 0-2: Ball 1-2: Hit by Pitch
|
|
Batting: RHB Juan Espinoza
|
0-0: Ball 1-0: Swinging Strike 1-1: Ball 2-1: Grounds into double play, 5-4-3 (Groundball, 56, EV 88.1 MPH)
|
|
Batting: RHB Jon Solano
|
0-0: Ball 1-0: Ball 2-0: Ground out 4-3 (Groundball, 4, EV 90.6 MPH)
|
| Bottom of the 3rd over - 0 runs, 0 hits, 0 errors, 0 left on base; Indianapolis 2 - Reno 0 |
| TOP OF THE 4TH |
|
Indianapolis Indians batting - Pitching for Reno Aces : LHP David Legg
|
|
Batting: LHB Jorge Quintana
|
0-0: Called Strike 0-1: Ball 1-1: Ground out 3-1 (Groundball, 34S, EV 88.1 MPH)
|
|
Batting: SHB Trevor Weareorwear
|
0-0: Called Strike 0-1: Fly out, F9 (Line Drive, 9LM, EV 88.1 MPH)
|
|
Batting: SHB Ben Myers
|
0-0: Ball 1-0: Called Strike 1-1: Ball 2-1: Ball 3-1: Called Strike 3-2: Base on Balls
|
|
Batting: RHB Chris McCoy
|
0-0: Foul Ball, location: 2F 0-1: Ball 1-1: Foul Ball, location: 2F 1-2: Ball 2-2: Fielders Choice at 2nd, 5-4 (Groundball, 56, EV 83.1 MPH)
|
| Top of the 4th over - 0 runs, 0 hits, 0 errors, 1 left on base; Indianapolis 2 - Reno 0 |
| BOTTOM OF THE 4TH |
|
Reno Aces batting - Pitching for Indianapolis Indians : RHP Joreão Zquete
|
|
Batting: RHB Ji-an Li
|
0-0: Ball 1-0: Ball 2-0: Ball 3-0: Called Strike 3-1: Ground out 5-3 (Groundball, 5S, EV 67.5 MPH)
|
|
Batting: RHB Dave Vargas
|
0-0: Called Strike 0-1: Ball 1-1: Ball 2-1: Ball 3-1: Foul Ball, location: 2F 3-2: Ground out 4-3 (Groundball, 4S, EV 86.2 MPH)
|
|
Batting: LHB Bobby Arevalo
|
0-0: Ground out 6-3 (Groundball, 6MS, EV 86.9 MPH)
|
| Bottom of the 4th over - 0 runs, 0 hits, 0 errors, 0 left on base; Indianapolis 2 - Reno 0 |
| TOP OF THE 5TH |
|
Indianapolis Indians batting - Pitching for Reno Aces : LHP David Legg
|
|
Batting: RHB Slamet Pamungkas
|
0-0: Foul Ball, location: 2F 0-1: SINGLE (Groundball, 4MD, EV 96.2 MPH)
|
|
Batting: SHB Francisco Gutierrez
|
Pickoff Play to 1st, Runner tries for 2nd, OUT after rundown. 0-0: Ball 1-0: Ground out 6-3 (Groundball, 6MD, EV 98.1 MPH)
|
|
Batting: RHB Caleb Russell
|
0-0: Called Strike 0-1: Ball 1-1: Ball 2-1: Foul Ball, location: 2F 2-2: Strikes out looking
|
| Top of the 5th over - 0 runs, 1 hit, 0 errors, 0 left on base; Indianapolis 2 - Reno 0 |
| BOTTOM OF THE 5TH |
|
Reno Aces batting - Pitching for Indianapolis Indians : RHP Joreão Zquete
|
|
Batting: LHB Ian Jarvis
|
0-0: Called Strike 0-1: Swinging Strike 0-2: Ground out 4-3 (Groundball, 4D, EV 110.0 MPH)
|
|
Batting: RHB Ruben Garza
|
0-0: Ball 1-0: Ground out 6-3 (Groundball, 6, EV 88.1 MPH)
|
|
Batting: LHB Steve Reinhart
|
0-0: Fly out, F9 (Line Drive, 9LM, EV 98.1 MPH)
|
| Bottom of the 5th over - 0 runs, 0 hits, 0 errors, 0 left on base; Indianapolis 2 - Reno 0 |
| TOP OF THE 6TH |
|
Indianapolis Indians batting - Pitching for Reno Aces : LHP David Legg
|
|
Batting: LHB Micah Boshnjaku
|
0-0: Ball 1-0: Ball 2-0: Called Strike 2-1: Ground out U3 (Groundball, 3, EV 88.1 MPH)
|
|
Batting: SHB Louie Horne
|
0-0: Ball 1-0: Ball 2-0: DOUBLE (Groundball, 5L, EV 95.0 MPH)
|
|
Batting: LHB Jorge Quintana
|
0-0: Ball 1-0: Ball 2-0: Foul Ball, location: 2F 2-1: Ball 3-1: Ground out U3 (Groundball, 13, EV 86.2 MPH) Louie Horne to third
|
|
Batting: SHB Trevor Weareorwear
|
0-0: Called Strike 0-1: Foul Ball, location: 2F 0-2: Strikes out swinging
|
| Top of the 6th over - 0 runs, 1 hit, 0 errors, 1 left on base; Indianapolis 2 - Reno 0 |
| BOTTOM OF THE 6TH |
|
Reno Aces batting - Pitching for Indianapolis Indians : RHP Joreão Zquete
|
|
Batting: LHB Sumiki Okuhara
|
0-0: Ball 1-0: Ball 2-0: Called Strike 2-1: Foul Ball, location: 2F 2-2: Fly out, F8 (Flyball, 8LXD, EV 115.0 MPH)
|
|
Batting: RHB Juan Espinoza
|
0-0: Ball 1-0: Ball 2-0: Foul Ball, location: 2F 2-1: DOUBLE (Flyball, 89D, EV 105.6 MPH)
|
|
Batting: RHB Jon Solano
|
0-0: Called Strike 0-1: Ball 1-1: Foul Ball, location: 2F 1-2: Ball 2-2: Ball 3-2: Ground out 2-3 (Groundball, 15S, EV 67.5 MPH) Juan Espinoza to third
|
|
Batting: RHB Ji-an Li
|
0-0: Ball 1-0: Foul Ball, location: 2F 1-1: Called Strike 1-2: Foul Ball, location: 2F 1-2: Foul Ball, location: 2F 1-2: Ball 2-2: Foul Ball, location: 2F 2-2: Foul Ball, location: 2F 2-2: Fly out, F3 (Line Drive, 3L, EV 74.4 MPH)
|
| Bottom of the 6th over - 0 runs, 1 hit, 0 errors, 1 left on base; Indianapolis 2 - Reno 0 |
| TOP OF THE 7TH |
|
Indianapolis Indians batting - Pitching for Reno Aces : LHP David Legg
|
|
Batting: SHB Ben Myers
|
0-0: Ball 1-0: Fly out, F8 (Flyball, 8RXD, EV 96.2 MPH)
|
|
Batting: RHB Chris McCoy
|
0-0: Called Strike 0-1: Called Strike 0-2: Fly out, F1 (Line Drive, P, EV 69.4 MPH)
|
|
Batting: RHB Slamet Pamungkas
|
0-0: Called Strike 0-1: Called Strike 0-2: Ball 1-2: Ground out 5-3 (Groundball, 25, EV 81.9 MPH)
|
| Top of the 7th over - 0 runs, 0 hits, 0 errors, 0 left on base; Indianapolis 2 - Reno 0 |
| BOTTOM OF THE 7TH |
|
Reno Aces batting - Pitching for Indianapolis Indians : RHP Joreão Zquete
|
|
Batting: RHB Dave Vargas
|
0-0: Called Strike 0-1: Ball 1-1: Foul Ball, location: 2F 1-2: Ball 2-2: Ball 3-2: Fly out, F8 (Flyball, 8LD, EV 97.5 MPH)
|
|
Batting: LHB Bobby Arevalo
|
0-0: Ball 1-0: Ball 2-0: Ball 3-0: Called Strike 3-1: Called Strike 3-2: Ground out 4-3 (Groundball, 34, EV 85.0 MPH)
|
|
Batting: LHB Ian Jarvis
|
0-0: Foul Ball, location: 2F 0-1: Ball 1-1: Foul Ball, location: 2F 1-2: Strikes out looking
|
| Bottom of the 7th over - 0 runs, 0 hits, 0 errors, 0 left on base; Indianapolis 2 - Reno 0 |
| TOP OF THE 8TH |
|
Indianapolis Indians batting - Pitching for Reno Aces : LHP David Legg
|
|
Batting: SHB Francisco Gutierrez
|
0-0: Ball 1-0: Ball 2-0: Called Strike 2-1: Called Strike 2-2: Ball 3-2: Strikes out swinging
|
|
Batting: RHB Caleb Russell
|
0-0: Swinging Strike 0-1: Ball 1-1: Ball 2-1: Swinging Strike 2-2: Ball 3-2: Foul Ball, location: 2F 3-2: Base on Balls
|
|
Pitching: RHP Jarrod Kenny
|
|
|
Batting: LHB Micah Boshnjaku
|
0-0: Called Strike Caleb Russell steals 2nd, throwing error, E2 Caleb Russell to third 0-1: Ball 1-1: Swinging Strike 1-2: Ball 2-2: Ball 3-2: Base on Balls
|
|
Batting: SHB Louie Horne
|
0-0: Called Strike Micah Boshnjaku steals 2nd, throwing error, E2 Caleb Russell scores Micah Boshnjaku to third 0-1: Ball 1-1: Ball 2-1: Ball 3-1: Swinging Strike 3-2: Foul Ball, location: 2F 3-2: Strikes out looking
|
|
Batting: LHB Jorge Quintana
|
0-0: Called Strike 0-1: Swinging Strike 0-2: Ball 1-2: Foul Ball, location: 2F 1-2: Foul Ball, location: 2F 1-2: Ball 2-2: SINGLE (Line Drive, 8RS, EV 106.2 MPH) Micah Boshnjaku scores
|
|
Batting: SHB Trevor Weareorwear
|
0-0: Called Strike Jorge Quintana steals 2nd, throwing error, E2 Jorge Quintana to third 0-1: Ball 1-1: Ball 2-1: Ball 3-1: Base on Balls
|
|
Batting: SHB Ben Myers
|
0-0: Fly out, F8 (Flyball, 8LS, EV 93.8 MPH)
|
| Top of the 8th over - 2 runs, 1 hit, 3 errors, 2 left on base; Indianapolis 4 - Reno 0 |
| BOTTOM OF THE 8TH |
|
Reno Aces batting - Pitching for Indianapolis Indians : RHP Joreão Zquete
|
|
Batting: RHB Ruben Garza
|
0-0: Ground out 6-3 (Groundball, 6, EV 86.9 MPH)
|
|
Batting: LHB Steve Reinhart
|
0-0: Ball 1-0: Called Strike 1-1: Swinging Strike 1-2: Strikes out looking
|
|
Batting: LHB Sumiki Okuhara
|
0-0: Called Strike 0-1: Ball 1-1: Ball 2-1: Foul Ball, location: 2F 2-2: Ball 3-2: Base on Balls
|
|
Batting: RHB Juan Espinoza
|
0-0: Ball 1-0: Fly out, F7 (Flyball, 7LM, EV 88.1 MPH)
|
| Bottom of the 8th over - 0 runs, 0 hits, 0 errors, 1 left on base; Indianapolis 4 - Reno 0 |
| TOP OF THE 9TH |
|
Indianapolis Indians batting - Pitching for Reno Aces : RHP Jarrod Kenny
|
|
Pitching: RHP Mike Cain
|
|
|
Batting: RHB Chris McCoy
|
0-0: Called Strike 0-1: Called Strike 0-2: Foul Ball, location: 2F 0-2: Strikes out swinging, 2-3 out at first.
|
|
Batting: RHB Slamet Pamungkas
|
0-0: Called Strike 0-1: Ball 1-1: Swinging Strike 1-2: Strikes out swinging
|
|
Batting: SHB Francisco Gutierrez
|
0-0: Foul Ball, location: 2F 0-1: Swinging Strike 0-2: Ball 1-2: Strikes out swinging
|
| Top of the 9th over - 0 runs, 0 hits, 0 errors, 0 left on base; Indianapolis 4 - Reno 0 |
| BOTTOM OF THE 9TH |
|
Reno Aces batting - Pitching for Indianapolis Indians : RHP Joreão Zquete
|
|
Batting: RHB Jon Solano
|
0-0: Ball 1-0: Called Strike 1-1: Ball 2-1: SINGLE (Line Drive, 9S, EV 88.8 MPH)
|
|
Pitching: LHP Hideharu Omoto
|
|
|
Batting: RHB Ji-an Li
|
0-0: Called Strike 0-1: Ball 1-1: Foul Ball, location: 2F 1-2: Ball 2-2: Ball 3-2: Foul Ball, location: 2F 3-2: Foul Ball, location: 2F 3-2: Strikes out looking
|
|
Batting: RHB Dave Vargas
|
0-0: Called Strike 0-1: Foul Ball, location: 2F 0-2: Foul Ball, location: 2F 0-2: Foul Ball, location: 2F 0-2: DOUBLE (Line Drive, 89XD, EV 109.4 MPH) Jon Solano to third
|
|
Pitching: RHP Kody Mason
|
|
|
Batting: LHB Bobby Arevalo
|
0-0: Ball 1-0: Called Strike 1-1: Swinging Strike 1-2: Ground out 6-3 (Groundball, 6M, EV 86.2 MPH) Jon Solano scores Dave Vargas to third
|
|
Batting: LHB Ian Jarvis
|
0-0: Foul Ball, location: 2F 0-1: Ball 1-1: Ball 2-1: Ball 3-1: Swinging Strike 3-2: Foul Ball, location: 2F 3-2: Ground out 6-3 (Groundball, 6D, EV 105.0 MPH)
|
| Bottom of the 9th over - 1 run, 2 hits, 0 errors, 1 left on base; Indianapolis 4 - Reno 1 |
|